 Dungeon Crawl Stone Soup version 0.29.0 (webtiles) character file.

Game seed: 8343629101328536263

2892 jagoly the Changer (level 9, -8/61 HPs)
             Began as an Octopode Transmuter on Sept 11, 2022.
             Was an Initiate of Uskayaw.
             Mangled by a yak (14 damage)
             ... on level 8 of the Dungeon.
             The game lasted 00:52:53 (11471 turns).

jagoly the Changer (Octopode Transmuter)           Turns: 11471, Time: 00:52:54

Health: -8/61      AC:  2    Str: 10    XL:     9   Next: 77%
Magic:  9/15       EV: 22    Int: 19    God:    Uskayaw [......]
Gold:   405        SH:  0    Dex: 17    Spells: 7/17 levels left

rFire   x . .      SeeInvis .     - Unarmed
rCold   + . .      Faith    +   (shield currently unavailable)
rNeg    . . .      Spirit   .   (helmet currently unavailable)
rPois   x          Reflect  .   F - amulet of faith
rElec   .          Harm     .   y - ring of ice
rCorr   .          Rampage  .   (no ring)
Will    .....                   (no ring)
Stlth   +++.......              (no ring)
HPRegen 0.20/turn               (no ring)
MPRegen 0.14/turn               (no ring)
                                (no ring)
                                (no ring)

@: spider-form
A: venomous fangs, almost no armour, (amphibious), 8 rings, tiny, (camouflage
1), (gelatinous body 1), (nimble swimmer 1), (tentacles)
a: End Transformation, Renounce Religion


You were on level 8 of the Dungeon.
You worshipped Uskayaw.
Uskayaw was noncommittal.
You were a venomous arachnid creature.
You visited 2 branches of the dungeon, and saw 9 of its levels.
You also visited: Ossuary.

You collected 477 gold pieces.
You spent 72 gold pieces at shops.

Inventory:

Hand Weapons
 a - a +2 dagger of protection (melded)
 b - a +0 sling
 w - a +2 short sword of venom
 D - a +1 spear of venom
Missiles
 g - 112 stones
 n - 9 poisoned darts
 x - 4 boomerangs
Jewellery
 y - a ring of ice (left front leg)
 F - an amulet of faith (around neck)
 K - the ring of Neomnil {rPois MP+9 Int-5 Dex+6}
   (You found it on level 8 of the Dungeon)

   [ring of magical power]

   Int:       It affects your intelligence (-5).
   Dex:       It affects your dexterity (+6).
   rPois:     It protects you from poison.
   MP:        It affects your magic capacity (+9).
Wands
 z - a wand of flame (8)
 J - a wand of mindburst (17)
Scrolls
 d - 5 scrolls of blinking
 e - 2 scrolls of amnesia
 j - a scroll of brand weapon {unknown}
 k - 2 scrolls of teleportation
 l - 5 scrolls of immolation
 m - 5 scrolls of enchant armour
 o - a scroll of silence {unknown}
 r - 2 scrolls of noise {unknown}
 s - 2 scrolls of poison {unknown}
 t - 4 scrolls of magic mapping {unknown}
 A - 2 scrolls of fog {unknown}
 B - a scroll of vulnerability {unknown}
 E - a scroll of fear {unknown}
 G - a scroll of enchant weapon {unknown}
Potions
 c - a potion of curing
 f - 5 potions of attraction
 h - 3 potions of lignification
 i - 2 potions of cancellation {unknown}
 p - 3 potions of haste {unknown}
 q - 5 potions of flight
 u - 2 potions of heal wounds {unknown}
 v - a potion of mutation {unknown}
 C - a potion of magic {unknown}
 H - 2 potions of resistance {unknown}
 I - a potion of degeneration {unknown}


   Skills:
 + Level 5.2 Fighting
 + Level 5.0 Dodging
 + Level 6.5 Stealth
 + Level 5.5 Unarmed Combat
 + Level 4.6 Spellcasting
 * Level 6.6 Transmutations
 - Level 3.0 Ice Magic
 - Level 2.0 Poison Magic
 + Level 2.0 Invocations


You had 7 spell levels left.
You knew the following spells:

 Your Spells              Type           Power      Damage    Failure   Level
A - Beastly Appendage     Tmut           58%        N/A       4%          1
O - Ice Form              Ice/Tmut       33%        N/A       38%         4
P - Spider Form           Tmut/Pois      20%        N/A       19%         3
W - Wereblood             Tmut           29%        N/A       6%          2

Your spell library contained the following spells:

 Spells                   Type           Power      Damage    Failure   Level
 Foxfire                  Conj/Fire      16%        2x1d4     30%         1
 Static Discharge         Conj/Air       4%         3-4/arc   41%         2
 Conjure Flame            Conj/Fire      4%         6-21      58%         3
 Inner Flame              Hex/Fire       4%         N/A       58%         3
 Cause Fear               Hex            2%         N/A       91%         4
 Dispel Undead            Necr           4%         3d7       91%         4
 Flame Wave               Conj/Fire      4%         2d5       91%         4
 Sticky Flame             Conj/Fire      4%         2d3       91%         4
 Dragon Form              Tmut           14%        N/A       100%        7
 Dragon's Call            Summ           2%         N/A       100%        9


Dungeon Overview and Level Annotations

Branches:
Dungeon (8/15) Zot: 26125  Temple (1/1) D:7 Zot: 5651 Ossuary (visited)
   Lair: D:8-11

Altars:
Ashenzari
Cheibriados
Dithmenos
Elyvilon
Fedhas
Gozag
Hepliaklqana
Kikubaaqudgha
Makhleb
Nemelex Xobeh
Okawaru
Qazlal
Ru
Sif Muna
Trog
Uskayaw
Vehumet
Wu Jian
Xom
Yredelemnul
Zin
The Shining One

Shops:
D:1 [   D:3 *

Annotations:
D:4 3 runed translucent doors, cerulescent's ghost, amateur MeEE
D:5 3 runed translucent doors, exclusion: 2 lemures, Ballistic's ghost, amateur GnWn; Skilfsilihog's ghost, amateur MiFi; bobfrom10's ghost, amateur DECj
D:8 exclusions: 2 killer bees and 2 more exclusions, Gastronok


Innate Abilities, Weirdness & Mutations

You are a venomous arachnid creature.
You have poisonous fangs.
You are tiny and dextrous.
Your spellcasting is less reliable in this form.
Your armour is entirely melded.
You are incapable of wielding weapons or throwing items.
You cannot wear most types of armour.
((You are amphibious.))
You can wear up to eight rings at the same time.
((Your skin changes colour to match your surroundings (Stealth+).))
((Your rubbery body absorbs attacks. (AC +1, EV +1)))
((You are camouflaged when in or above water. (Stealth+)))
((You have tentacles for arms and can constrict up to eight enemies at once.))


Message History

The centaur shoots an arrow.
The arrow completely misses you.
The centaur shoots an arrow.
The arrow misses you. The yak gores you!
* * * LOW HITPOINT WARNING * * *
You feel better.
You hiss as the wereblood boils in your veins!
The centaur shoots an arrow.
The arrow completely misses you. The yak gores you.
* * * LOW HITPOINT WARNING * * *
The centaur unwields a +0 shortbow.
The centaur completely misses you. x2
The yak barely misses you. The centaur hits you.
* * * LOW HITPOINT WARNING * * *
The centaur closely misses you.
You stomp with the beat, sending a shockwave through the revellers around you!
The yak is severely wounded.
The centaur is moderately wounded.
You can no longer stomp with the beat.
The centaur completely misses you. The centaur misses you.
The yak closely misses you.
Okay, then.
Unknown command.
Unknown command.
Okay, then.
You hit the yak but do no damage.
The yak looks as sick as possible!
The yak is severely wounded.
Your primal bloodlust has ended.
The centaur completely misses you. The centaur barely misses you.
The yak gores you.
* * * LOW HITPOINT WARNING * * *
The centaur misses you. The centaur closely misses you.
Okay, then.
Okay, then.
You feel better.
The centaur misses you. x2; The yak barely misses you.
Okay, then.
Unknown command.
You hit the yak.
The yak looks as sick as possible!
The yak is almost dead.
The centaur misses you. The centaur kicks you.
* * * LOW HITPOINT WARNING * * *
The yak gores you!
You die...

#
##................#
#..#
#................#
#.##
###..............#
#.#
###.........######.#
###....#### #..#
#..### #..# ##.Y#
#..# ##c## #..#
#Ys##### #..#
##.....# #..#
##......####..# #
##.............## #
#...).....####..###
# #.........##
###..### ##
#..........# ###..#
.# ##.........# ##..
.# ##.###.....## ###


You could see 2 yaks and a centaur.

Vanquished Creatures
  Grinder (D:5)
  Sigmund (D:3)
  A yak (D:8)
  A wyvern (D:8)
  An orc warrior (D:7)
  A sky beast (D:7)
  5 black bears
  An ogre (D:5)
  A phantom (D:5)
  A necrophage (D:6)
  2 scorpions
  2 water moccasin zombies (Ossuary)
  7 wights (D:7)
  A quasit (D:6)
  2 jellies
  A gnoll bouda (D:7)
  2 hounds
  Jessica (D:2)
  4 iguanas
  An orc wizard (D:7)
  2 mummies (Ossuary)
  7 gnolls
  8 adders
  8 shadow imps
  7 white imps
  4 ufetubi
  5 adder zombies (Ossuary)
  2 worms
  5 dart slugs
  17 orcs
  7 ball pythons
  8 endoplasms
  5 giant cockroaches
  9 goblins
  9 hobgoblins
  12 jackals
  2 quokkas (D:2)
  7 bats
  6 frilled lizards
  2 gnoll zombies (Ossuary)
  8 hobgoblin zombies (Ossuary)
  14 kobolds
  7 kobold zombies (Ossuary)
  5 orc zombies (Ossuary)
  7 rats
210 creatures vanquished.

Vanquished Creatures (others)
  A demonic plant (D:6)
1 creature vanquished.

Grand Total: 211 creatures vanquished

Notes
Turn   | Place    | Note
-------+----------+-------------------------------------------
     0 | D:1      | jagoly the Octopode Transmuter began the quest for the Orb.
     0 | D:1      | Reached XP level 1. HP: 13/13 MP: 3/3
   255 | D:1      | Found a faded altar of an unknown god.
   271 | D:1      | Reached XP level 2. HP: 12/18 MP: 3/5
   274 | D:1      | Learned a level 2 spell: Wereblood
   488 | D:1      | Reached skill level 1 in Poison Magic
   815 | D:1      | Found Zeda's Antique Armour Boutique.
   968 | D:1      | Reached skill level 1 in Stealth
   968 | D:1      | Reached XP level 3. HP: 7/23 MP: 2/6
  1146 | D:1      | Learned a level 3 spell: Spider Form
  2151 | D:2      | Reached XP level 4. HP: 29/29 MP: 5/7
  2561 | D:2      | Noticed Jessica
  2569 | D:2      | Killed Jessica
  2850 | D:2      | Found a sacrificial altar of Ru.
  3400 | D:3      | Noticed Sigmund
  3409 | D:3      | Killed Sigmund
  3410 | D:3      | Reached skill level 1 in Ice Magic
  3410 | D:3      | Reached XP level 5. HP: 30/36 MP: 2/8
  3410 | D:3      | Reached XP level 6. HP: 36/42 MP: 2/9
  3501 | D:3      | Found Padd's Assorted Antiques.
  3509 | D:3      | Bought a scroll labelled TERAMUSIRU for 26 gold pieces
  3509 | D:3      | Bought a sedimented sapphire potion for 23 gold pieces
  3509 | D:3      | Bought a sedimented green potion for 23 gold pieces
  3704 | D:3      | Identified the +1 pair of gloves of the Demons {Rampage
                  | rPois rC- Str+9}
  4542 | D:4      | Noticed a black bear
  4552 | D:4      | Killed a black bear
  4553 | D:4      | Reached XP level 7. HP: 12/46 MP: 5/11
  4829 | D:4      | Identified the +1 pair of boots of Impatience {Str+2}
  4876 | D:4      | Found a runed translucent gate.
  4876 | D:4      | Found a runed translucent gate.
  4876 | D:4      | Noticed cerulescent's ghost (amateur MeEE)
  4877 | D:4      | Found a runed translucent gate.
  5368 | D:5      | Entered Level 5 of the Dungeon
  5629 | D:5      | Found a runed translucent gate.
  6183 | D:5      | Learned a level 4 spell: Ice Form
  6215 | D:5      | Found a runed translucent gate.
  6215 | D:5      | Found a runed translucent gate.
  6217 | D:5      | Noticed bobfrom10's ghost (amateur DECj)
  6217 | D:5      | Noticed Skilfsilihog's ghost (amateur MiFi)
  6218 | D:5      | Noticed Ballistic's ghost (amateur GnWn)
  6313 | D:5      | Noticed Grinder
  6318 | D:5      | Paralysed by Grinder for 2 turns
  6341 | D:5      | Killed Grinder
  6342 | D:5      | Reached XP level 8. HP: 34/54 MP: 10/13
  7179 | D:6      | Reached skill level 5 in Transmutations
  7264 | D:5      | Reached skill level 5 in Stealth
  7490 | D:6      | Found an iron altar of Okawaru.
  7492 | D:6      | Found a sacrificial altar of Ru.
  7767 | D:6      | Reached XP level 9. HP: 23/59 MP: 10/15
  8393 | D:7      | Noticed a two-headed ogre
  8415 | D:7      | Reached skill level 5 in Unarmed Combat
  8653 | D:7      | Found a staircase to the Ecumenical Temple.
  8660 | Temple   | Entered the Ecumenical Temple
  8841 | Temple   | Became a worshipper of Uskayaw the Reveller
  9084 | D:7      | Reached * piety under Uskayaw
  9087 | D:7      | Reached ** piety under Uskayaw
  9257 | D:7      | Reached *** piety under Uskayaw
  9259 | D:7      | Reached skill level 1 in Invocations
 10118 | D:7      | Reached skill level 5 in Fighting
 10393 | D:8      | Found a sand-covered staircase.
 10401 | Ossuary  | Entered an ossuary
 10573 | Ossuary  | Reached **** piety under Uskayaw
 10920 | D:8      | Identified the ring of Neomnil {rPois MP+9 Int-5 Dex+6}
 10993 | D:8      | Noticed Gastronok
 11442 | D:8      | Reached skill level 5 in Dodging
 11465 | D:8      | HP: 3/61 [yak (16)]
 11469 | D:8      | HP: 1/61 [yak (6)]
 11471 | D:8      | Mangled by a yak

Illustrated notes

Levels and vault maps discovered:
D:1:      dpeg_arrival_brainrot, layout_basic, serial_shops,
          nicolae_shop_hallway_plus, basic_ecumenical_altar
D:2:      layout_basic, basic_altar, minivault_19, roderic_serpentine_path,
          minmay_quadrilaterals, uniq_jessica
D:3:      layout_basic, serial_shops, nicolae_shop_stone, uniq_sigmund
D:4:      layout_loops_ring, ebering_ghost_rock_garden, serial_bayou_crossing
D:5:      layout_basic, gammafunk_ghost_cemetery, uniq_pikel, uniq_grinder
D:6:      layout_loops_corners, nicolae_overflow_hidden_temple, serial_demonic,
          serial_demonic_f, serial_demonic_b, serial_demonic_b,
          serial_demonic_a, serial_demonic_d, serial_demonic_c, serial_demonic_d
D:7:      layout_basic, minmay_temple_entry_purple_smoke
D:8:      layout_cave_pods, lair_entry_dummy, serial_shops,
          nicolae_shop_advertising_works [nicolae_subvault_shop_adworks],
          enter_ossuary_1, uniq_maurice, uniq_psyche, uniq_gastronok
Temple:   mainiacjoe_temple_cubbyholes

Skill      XL: |  1  2  3  4  5  6  7  8  9 |
---------------+----------------------------+-----
Poison Magic   | 1 2 |  2.0
Stealth        | 1 2 3 4 5 6 |  6.5
Fighting       | 3 4 5 |  5.2
Ice Magic      | 1 2 3 |  3.0
Dodging        | 3 4 5 |  5.0
Transmutations | 3 4 5 6 |  6.6
Spellcasting   | 3 4 |  4.6
Unarmed Combat | 4 5 |  5.5
Invocations    | 2 |  2.0

Action                   |  1- 3 |  4- 6 |  7- 9 || total
-------------------------+-------+-------+-------++-------
Melee: Unarmed           |    60 |    46 |    79 ||   185
       Constrict         |    28 |    21 |    65 ||   114
       Tentacles         |    15 |    10 |    52 ||    77
       Kick              |    17 |    21 |    94 ||   132
       Punch             |     4 |     3 |     8 ||    15
       Dagger            |    29 |    84 |   230 ||   343
       Short sword       |       |       |     9 ||     9
Throw: Stone             |       |     1 |     6 ||     7
       Dart              |       |       |     7 ||     7
 Cast: Beastly Appendage |    29 |    15 |    41 ||    85
       Wereblood         |     2 |    11 |    26 ||    39
       Spider Form       |       |     6 |    14 ||    20
Invok: Stomp             |       |       |     7 ||     7
       Line Pass         |       |       |     2 ||     2
 Abil: End Transformatio |       |       |     1 ||     1
Evoke: Wand              |       |       |     9 ||     9
  Use: Scroll            |       |     4 |     5 ||     9
       Potion            |       |       |     6 ||     6
 Stab: Sleeping          |    14 |     8 |    13 ||    35
       Paralysed         |       |       |     2 ||     2
       Confused          |       |       |     1 ||     1
Armor: Skin              |    17 |    14 |    63 ||    94
Dodge: Dodged            |    36 |    77 |   213 ||   326
